 Dungeon Crawl Stone Soup version bcrawl-1.31.4 (webtiles) character file.

Game seed: 7816402429825192121

193489 Sensen the Magician (level 7, -2/46 HPs)
             Began as a Skeleton Reaver on May 25, 2021.
             Was a Follower of Vehumet.
             Slain by a water moccasin (4 damage)
             ... on level 5 of the Dungeon.
             The game lasted 00:10:23 (4638 turns).

Sensen the Magician (Skeleton Reaver)               Turns: 4638, Time: 00:10:23

Health: -2/46      AC:  7    Str: 15 (17) XL:     7   Next: 46%
Magic:  0/16       EV: 12    Int: 15      God:    Vehumet [*.....]
Gold:   258        SH:  0    Dex:  6 (7)  Spells: 17/18 levels left

rFire    . . .     SeeInvis .   a - +0 long sword
rCold    + . .     Gourm    .   (no shield)
rNeg     + + +     Faith    .   b - +0 steam dragon scales
rPois    ∞         Spirit   +   f - +0 helmet (curse)
rElec    .         Reflect  .   (no cloak)
rCorr    .         Harm     .   (no gloves)
MR       +....                  h - +0 pair of boots
Stlth    +.........             (no amulet)
HPRegen  0.15/turn              e - ring of wizardry
MPRegen  0.15/turn              (no ring)

@: about to teleport, very slightly contaminated
A: no food or potions, cold resistance 1, deterioration 1, negative energy
resistance 3, powered by death 1, torment resistance, unbreathing, magic shield,
sturdy frame 1, spell healing
a: Renounce Religion


You were on level 5 of the Dungeon.
You worshipped Vehumet.
Vehumet was aware of your devotion.
You were not hungry.

You visited 1 branch of the dungeon, and saw 5 of its levels.

You collected 258 gold pieces.

Inventory:

Hand Weapons
 a - a +0 long sword (weapon)
 g - a +0 whip of draining
 l - a +0 mace of protection
Armour
 b - +0 steam dragon scales (worn)
 f - a cursed +0 helmet (worn)
 h - a +0 pair of boots (worn)
 i - the +1 animal skin of Elitism {rPois rC+ MR+ Str+4, unknown}
   (You found it on level 5 of the Dungeon)

   It affects your strength (+4).
   It protects you from cold.
   It protects you from poison.
   It affects your resistance to hostile enchantments.
 r - a +0 cloak
Jewellery
 e - a ring of wizardry (left hand)
Wands
 p - a wand of digging (5)
Scrolls
 c - a scroll of immolation
 k - a scroll of noise
 m - 2 scrolls of remove curse
 n - 2 scrolls of fear {unknown}
 o - 3 scrolls of enchant weapon {unknown}
 q - 2 scrolls of amnesia {unknown}


   Skills:
 - Level 6.0 Fighting
 - Level 5.0 Long Blades
 + Level 4.4 Dodging
 - Level 0.4 Stealth
 + Level 6.2 Spellcasting
 + Level 2.0 Conjurations


You had 17 spell levels left.
You knew the following spells:

 Your Spells              Type           Power        Failure   Level  Hunger
a - Sting                 Conj/Pois      #...         1%          1    N/A

Your spell library contained the following spells:

 Spells                   Type           Power        Failure   Level  Hunger
 Iskenderun's Battlesphe  Conj/Chrm      #.......     26%         5    N/A

Dungeon Overview and Level Annotations

Branches:
Dungeon (5/12)             Temple (0/1) D:4

Altars:
Makhleb
Trog
Uskayaw
The Shining One

Shops:
D:4 *

Annotations:
D:3 1 runed door


Innate Abilities, Weirdness & Mutations

You do not eat or drink.
You are immune to poison.
Your flesh is cold resistant. (rC+)
Your body sometimes deteriorates upon taking damage.
You are immune to negative energy. (rN+++)
You regenerate a little health from kills.
You are immune to unholy pain and torment.
You can survive without breathing.
When hurt, damage is shared between your health and your magic reserves.
Your movements are slightly less encumbered by armour. (ER -2)
Casting spells heals you.


Message History

The water moccasin is lightly wounded.
The water moccasin bites you.
* * * LOW HITPOINT WARNING * * *
The water moccasin bites you.
* * * LOW HITPOINT WARNING * * *
You hit the water moccasin but do no damage.
The water moccasin is lightly wounded.
The water moccasin bites you!
* * * LOW HITPOINT WARNING * * *
The water moccasin misses you. The water moccasin bites you.
* * * LOW HITPOINT WARNING * * *
Blink to where?
Press: ? - help, Dir - move target cursor, p - water moccasin You are very lightly contaminated with residual magic.
As you read the scroll of blinking, it crumbles to dust.
You see here a +0 whip.
As you read the scroll of teleportation, it crumbles to dust.
You feel strangely unstable. The water moccasin bites you.
You die...

#(..# #.# .#
... ##.## #.#
.# #
#.######.####.#
#.##)).S......#
#.##)##..######
#.##.##.##
#.##.##.#
#.##S##.#
#..@.##.#
#######.# #.#
#..


You could see a water moccasin.

Vanquished Creatures
  Grinder (D:4)
  A phantom (D:4)
  A centaur (D:5)
  A scorpion (D:4)
  A howler monkey (D:4)
  A crimson imp (D:3)
  A bullfrog zombie (D:5)
  An orc wizard (D:5)
  2 worker ants (D:4)
  A hound skeleton (D:4)
  A worker ant zombie (D:5)
  3 adders
  2 worms
  2 dart slugs
  6 leopard geckos
  15 orcs
  3 bats
  A giant cockroach (D:2)
  4 goblins
  16 hobgoblins
  3 jackals (D:4)
  2 quokkas
  2 ball pythons (D:1)
  A frilled lizard (D:3)
  A jackal skeleton (D:4)
  4 kobolds
  A quokka skeleton (D:4)
  5 rats
83 creatures vanquished.

Notes
Turn   | Place    | Note
-------+----------+-------------------------------------------
     0 | D:1      | Sensen the Skeleton Reaver began the quest for the Orb.
     0 | D:1      | Reached XP level 1. HP: 14/14 MP: 4/4
   401 | D:1      | Reached XP level 2. HP: 19/19 MP: 6/6
  1063 | D:1      | Reached XP level 3. HP: 21/23 MP: 7/7
  2066 | D:3      | Reached * piety under Vehumet
  2066 | D:3      | Offered knowledge of Sting by Vehumet.
  2120 | D:3      | Reached XP level 4. HP: 24/28 MP: 6/8
  2170 | D:3      | Reached skill level 5 in Long Blades
  2378 | D:3      | Found a runed door.
  2579 | D:3      | Learned a level 1 spell: Sting
  2793 | D:4      | Noticed a phantom
  3073 | D:4      | Reached XP level 5. HP: 12/33 MP: 5/10
  3648 | D:4      | Reached skill level 5 in Fighting
  3648 | D:4      | Gained mutation: You regenerate a little health from kills.
                  | [Skeleton growth]
  3648 | D:4      | Reached XP level 6. HP: 21/40 MP: 6/12
  3799 | D:4      | Found a burning altar of Makhleb.
  3800 | D:4      | Found a glowing golden altar of the Shining One.
  3895 | D:4      | Noticed Grinder
  3901 | D:4      | Paralysed by Grinder for 2 turns
  3924 | D:4      | Killed Grinder
  3925 | D:4      | Reached skill level 5 in Spellcasting
  3925 | D:4      | Reached XP level 7. HP: 35/46 MP: 10/15
  3999 | D:4      | Found a hide-covered altar of Uskayaw.
  4091 | D:4      | Found a staircase to the Ecumenical Temple.
  4255 | D:4      | Found Sununt's General Store.
  4450 | D:5      | Entered Level 5 of the Dungeon
  4450 | D:5      | Found a bloodstained altar of Trog.
  4468 | D:5      | Reached skill level 1 in Conjurations
  4538 | D:5      | Got a polished animal skin
  4627 | D:5      | HP: 2/46 [water moccasin (6)]
  4638 | D:5      | Slain by a water moccasin

Skill      XL: |  1  2  3  4  5  6  7 |
---------------+----------------------+-----
Long Blades    | 4 5 |  5.0
Dodging        | 4 |  4.4
Spellcasting   | 4 5 6 |  6.2
Fighting       | 5 6 |  6.0
Conjurations   | 2 |  2.0
Stealth        | |  0.4

Action                   |  1- 3 |  4- 6 |  7- 9 || total
-------------------------+-------+-------+-------++-------
Melee: Long sword        |   140 |   200 |    74 ||   414
 Cast: Sting             |       |     1 |    23 ||    24
  Use: Scroll            |       |       |     6 ||     6
Armor: Steam dragon scal |    36 |    50 |    21 ||   107
Dodge: Dodged            |    89 |   121 |    37 ||   247
